 Dungeon Crawl Stone Soup version 0.27-a0-1118-ga84896973d (webtiles) character file.

Game seed: 10025794164321360273

25 Polydiac the Conjurer (level 2, -3/20 HPs)
             Began as a Draconian Conjurer on May 2, 2021.
             Slain by a quokka (4 damage)
             ... on level 3 of the Dungeon.
             The game lasted 00:11:26 (1287 turns).

Polydiac the Conjurer (Draconian Conjurer)          Turns: 1287, Time: 00:11:27

Health: -3/20      AC:  4    Str:  9    XL:     2   Next: 86%
Magic:  3/5        EV: 12    Int: 18    God:
Gold:   39         SH:  0    Dex:  9    Spells: 4/5 levels left

rFire    . . .     SeeInvis .   j - +0 mace
rCold    . . .     Faith    .   (no shield)
rNeg     . . .     Spirit   .   (armour unavailable)
rPois    .         Reflect  .   (helmet restricted)
rElec    .         Harm     .   (no cloak)
rCorr    .         Rampage  .   (no gloves)
Will     +....                  (no boots)
Stlth    ++........             (no amulet)
HPRegen  0.06/turn              l - ring of willpower
MPRegen  0.09/turn              (no ring)

@: flying
A: AC +4, unfitting armour, cold-blooded
a: no special abilities


You were on level 3 of the Dungeon.
You visited 1 branch of the dungeon, and saw 3 of its levels.

You collected 39 gold pieces.

Inventory:

Hand Weapons
 c - a +0 dagger
 d - a +0 club
 f - a +0 dagger
 j - a +0 mace (weapon)
Missiles
 h - 16 arrows
 m - 16 bolts
 o - 3 silver javelins
Armour
 g - a +0 helmet
 n - a +0 leather armour
 p - a +0 plate armour
Jewellery
 l - a ring of willpower (left hand)
Scrolls
 a - 3 scrolls of teleportation {unknown}
 b - a scroll of identify {unknown}
 i - a scroll of brand weapon {unknown}
Potions
 k - 2 potions of haste {unknown}


   Skills:
 + Level 1.8 Dodging
 + Level 1.8 Stealth
 + Level 2.3 Spellcasting
 + Level 4.6 Conjurations


You had 4 spell levels left.
You knew the following spells:

 Your Spells              Type           Power      Damage    Failure   Level
a - Magic Dart            Conj           72%        1d6       2%          1

Your spell library contained the following spells:

 Spells                   Type           Power      Damage    Failure   Level
 Searing Ray              Conj           36%        3d4       4%          2
 Dazzling Flash           Conj/Hex       20%        N/A       21%         3
 Fulminant Prism          Conj/Hex       5%         3d7       56%         4
 Iskenderun's Mystic Bla  Conj/Tloc      10%        2d4       56%         4


Dungeon Overview and Level Annotations

Branches:
Dungeon (2/15)

Altars:

Shops:
D:1 (


Innate Abilities, Weirdness & Mutations

Your plain brown scales are hard. (AC +4)
You cannot fit into any form of body armour.
You are cold-blooded and may be slowed by cold attacks.


Message History

Found 17 gold pieces.
An orc comes into view. It is wielding a +0 hand axe.
The orc shouts!
You see here 17 gold pieces.
Casting: Magic Dart (safe; 2% risk of failure)
Confirm with . or Enter, or press ? or * to list all spells.
Aiming: Magic Dart (safe; 2% risk of failure)
Press: ? - help, Shift-Dir - straight line, f - orc
Aim: an orc, wielding a +0 hand axe and wearing a +0 ring mail (100% to hit)
The magic dart hits the orc but does no damage.
Casting: Magic Dart (safe; 2% risk of failure)
Confirm with . or Enter, or press ? or * to list all spells.
Aiming: Magic Dart (safe; 2% risk of failure)
Press: ? - help, Shift-Dir - straight line, f/p - orc
Aim: an orc, wielding a +0 hand axe and wearing a +0 ring mail (100% to hit)
The magic dart hits the orc but does no damage.
You hit the orc but do no damage. The orc closely misses you.
You closely miss the orc. The orc completely misses you.
j - a +0 mace (weapon)
The orc barely misses you.
l - a ring of willpower (left hand)
You hit the orc but do no damage. The orc hits you with a +0 hand axe!
The orc barely misses you.
You hit the orc but do no damage. The orc hits you with a +0 hand axe.
A quokka comes into view.
The orc hits you with a +0 hand axe.
* * * LOW HITPOINT WARNING * * *
Casting: Magic Dart (safe; 2% risk of failure)
Confirm with . or Enter, or press ? or * to list all spells.
Aiming: Magic Dart (safe; 2% risk of failure)
Press: ? - help, Shift-Dir - straight line, f/p - orc
Aim: an orc, wielding a +0 hand axe and wearing a +0 ring mail (100% to hit)
The magic dart hits the orc but does no damage.
The orc closely misses you.
It was a potion of flight.
You feel very buoyant.
You fly up into the air.
The orc hits you with a +0 hand axe.
* * * LOW HITPOINT WARNING * * *
You closely miss the orc. The orc completely misses you. The quokka bites you.
You die...

.......# ######.#
. .......# #.
###########.#
#....##
#.##..########
#.# #........#
#.##..#....#
#.#..##.@..##
#.#..#.ro...#
#...##..##..## #
#...#..## #..# #
#.#.#..## #..# #
#.#.##..##..## #
#.#..#......# . #
#.#..##..$.## o..
#
#.##..#....#.....


You could see an orc and a quokka.

Vanquished Creatures
  2 ball pythons
  3 endoplasms
  A giant cockroach (D:1)
  3 goblins (D:1)
  2 hobgoblins (D:1)
  2 jackals (D:1)
  2 quokkas
  4 bats
  A frilled lizard (D:1)
  2 rats
22 creatures vanquished.

Vanquished Creatures (others)
  15 fungi (D:1)
15 creatures vanquished.

Grand Total: 37 creatures vanquished

Notes
Turn   | Place    | Note
-------+----------+-------------------------------------------
     0 | D:1      | Polydiac the Draconian Conjurer began the quest for the
                  | Orb.
     0 | D:1      | Reached XP level 1. HP: 14/14 MP: 3/3
   343 | D:1      | Reached XP level 2. HP: 19/20 MP: 3/5
   802 | D:1      | Found Qaacumai's Weapon Boutique.
  1072 | D:2      | You fall into a shaft and drop 1 floor!
  1285 | D:3      | HP: 1/20 [orc/+0 hand axe (4)]
  1287 | D:3      | Slain by a quokka

Illustrated notes

Levels and vault maps discovered:
D:1:      scummos_arrival_checkerplants, layout_basic, serial_shops,
          nicolae_shop_trees
D:2:      layout_loops_ring, ebering_ecumenical_altar_ruins,
          minmay_misc_feat_cross, minmay_pentomino_w4
D:3:      layout_loops_ring, minmay_misc_feat_room, minmay_misc_feat_iff

Action                   || total
-------------------------++-------
Melee: Dagger            ||    15
       Mace              ||     3
       Tailslap          ||     1
 Cast: Magic Dart        ||    43
  Use: Potion            ||     1
Armor: Skin              ||    11
Dodge: Dodged            ||    26

Table legend: (Time is in decaauts)
 A = Elapsed time spent in this place.
 B = Non-inter-level travel time spent in this place.
 C = Inter-level travel time spent in this place.
 D = Time resting spent in this place.
 E = Time spent auto-exploring this place.
 F = Levels seen in this place.
 G = Mean time per level.
                   A        B        C        D        E       F      G
               +--------+--------+--------+--------+--------+-----+--------+
         Total |   1287 |   1287 |      0 |    386 |     94 |   3 |  429.0 |
       Dungeon |   1287 |   1287 |      0 |    386 |     94 |   3 |  429.0 |
               +--------+--------+--------+--------+--------+-----+--------+

Top non-repeatable levels by time:
     D:1: 1043 daAuts
     D:3: 214 daAuts
     D:2: 29 daAuts
